 Dungeon Crawl Stone Soup version 0.14-a0-2443-g5aee772 (webtiles) character file.

94 4tharraofdagon the Chiller (level 4, -2/30 HPs)
             Began as a Mummy Ice Elementalist on Feb 5, 2014.
             Was an Initiate of Sif Muna.
             Killed from afar by Ijyb (4 damage)
             ... with a wand of frost
             ... on Level 2 of the Dungeon.
             The game lasted 00:03:33 (618 turns).

4tharraofdagon the Chiller (Mummy Ice Elementalist)  Turns: 618, Time: 00:03:33

HP  -2/30        AC  2     Str 11      XL: 4   Next: 38%
MP   8/8         EV 12     Int 15      God: Sif Muna [......]
Gold 0           SH  0     Dex 12      Spells:  2 memorised,  3 levels left

rFire  x . .     SeeInvis .     l - +2,+3 orc war axe (elec)
rCold  + . .     Clarity  .     a - +0 robe
rNeg   + + +     Conserve .     (no shield)
rPois  +         rCorr    .     (no helmet)
rElec  .         rRot     +     (no cloak)
SustAb . .       Spirit   .     (no gloves)
rMut   .         Warding  .     (no boots)
Saprov . . .     Stasis   .     (no amulet)
MR     .....                    (no ring)
                                (no ring)

@: not resistant to hostile enchantments, unstealthy
A: no food or potions, fire vulnerability, restore body, cold resistance 1, life
protection 3, poison resistance, torment resistance, unbreathing
a: Renounce Religion


You were on level 2 of the Dungeon.
You worshipped Sif Muna.
Sif Muna was noncommittal.
You were not hungry.

You visited 1 branch of the dungeon, and saw 3 of its levels.

Inventory:

Hand weapons
 h - a +0,+0 orcish club
 l - a +2,+3 orcish war axe of electrocution (weapon)
Armour
 a - a +0 robe (worn)
 f - a +1 helmet
Magical devices
 d - a wand of fireball (0)
Scrolls
 e - 2 scrolls of remove curse {unknown}
 g - a scroll of identify {unknown}
 i - a scroll of enchant weapon I {unknown}
 j - a scroll of enchant weapon II {unknown}
 k - a scroll of enchant armour {unknown}
Potions
 c - a potion of degeneration {unknown}
Books
 b - a book of Frost

   Spells                             Type                      Level
   *Freeze                            Ice                          1
   Throw Frost                        Conjuration/Ice              2
   Ozocubu's Armour                   Charms/Ice                   3
   Throw Icicle                       Conjuration/Ice              4
   *Summon Ice Beast                  Ice/Summoning                4
   Condensation Shield                Ice                          4


   Skills:
 + Level 0.0 Fighting
 + Level 0.0 Axes
 - Level 1.5 Dodging
 - Level 1.5 Stealth
 + Level 2.9 Spellcasting
   Level 0.7 Conjurations
 + Level 0.1 Summonings
 * Level 3.8 Ice Magic


You had 3 spell levels left.
You knew the following spells:

 Your Spells              Type           Power        Failure   Level  Hunger
a - Freeze                Ice            ##..         4%          1    N/A
b - Summon Ice Beast      Ice/Summ       #.........   87%         4    N/A

Dungeon Overview and Level Annotations

Branches:
Dungeon (3/16)

Altars:
Sif Muna

Annotations:
D:2 Ijyb


Innate Abilities, Weirdness & Mutations

You do not eat or drink.
Your flesh is vulnerable to fire.
Your flesh is cold resistant.
You are immune to negative energy.
Your system is resistant to poisons.
You are immune to unholy pain and torment.
You can survive without breathing.


Message History

Nothing appears to happen.
Ijyb zaps a wand.
The puff of frost hits you! You resist.
* * * LOW HITPOINT WARNING * * *
You can't drink.
Unknown command.
Unknown command.
Ijyb zaps a wand.
The puff of frost hits you! You resist.
* * * LOW HITPOINT WARNING * * *
Unknown command.
Unknown command.
Ijyb zaps a wand.
The puff of frost hits you! You resist.
* * * LOW HITPOINT WARNING * * *
Unknown command.
Unknown command.
Unknown command.
Unknown command.
Unknown command.
Unknown command.
Ijyb zaps a wand.
The puff of frost hits you! You resist.
You die...

#.# ##.###...#####............
#.######.........................
#.##...#..###...#########.#######
#..># #...#########.####
#....................#....#
##.##....#...#...###.#....# #.
....#...#.....g.g....# ##
....##.##...###.#...## .
........@...# #.#...# .
.......##...###.#...#### . #####
#...##.........##
######.......g... .........)....
###.........## #.........#
#.........# ###########


You could see Ijyb.

Vanquished Creatures
  The ghost of wojtek the Cutter, an average KoAs (D:3)
  An orc (D:3)
  A ball python (D:3)
  2 bats
  A giant cockroach (D:1)
  3 hobgoblins
  4 kobolds
  A quokka (D:3)
  4 giant newts
  4 goblins
  2 rats
24 creatures vanquished.

Notes
Turn   | Place    | Note
--------------------------------------------------------------
     0 | D:1      | 4tharraofdagon, the Mummy Ice Elementalist, began the quest for the Orb.
     0 | D:1      | Reached XP level 1. HP: 13/13 MP: 3/3
   150 | D:1      | Reached XP level 2. HP: 11/19 MP: 0/4
   213 | D:2      | Found a deep blue altar of Sif Muna.
   225 | D:2      | Became a worshipper of Sif Muna the Loreminder
   378 | D:3      | Reached skill level 3 in Ice Magic
   408 | D:3      | Noticed wojtek's ghost (average KoAs)
   425 | D:3      | Killed wojtek's ghost
   425 | D:3      | Reached XP level 3. HP: 11/24 MP: 2/6
   425 | D:3      | Reached XP level 4. HP: 13/30 MP: 2/8
   433 | D:3      | Learned a level 4 spell: Summon Ice Beast
   599 | D:2      | Noticed Ijyb
   608 | D:2      | HP: 1/30 [Ijyb/wand of frost (2)]
   618 | D:2      | Killed from afar by Ijyb

Action                   |  1- 3 |  4- 6 || total
-------------------------+-------+-------++-------
Melee: Unarmed           |    19 |       ||    19
 Cast: Freeze            |    21 |    12 ||    33
Evoke: Wand              |     3 |     1 ||     4
